 Dungeon Crawl Stone Soup version 0.27.1-34-g3ba077fa99 (console) character file.

Game seed: 16653621673297692373

170 Banquo the Chopper (level 5, 0/40 HPs)
             Began as a Djinni Chaos Knight on Jan 2, 2022.
             Was an Initiate of Ashenzari.
             Killed from afar by an orc wizard (2 damage)
             ... with a magic dart
             ... on level 3 of the Dungeon.
             The game lasted 00:09:47 (4184 turns).

Banquo the Chopper (Djinni Chaos Knight)            Turns: 4184, Time: 00:09:48

Health: 0/40       AC:  5    Str: 11    XL:     5   Next: 80%
Gold:   82         EV: 11    Int: 15    God:    Ashenzari [......] SH:  0 Dex: 12

rFire    + + .     SeeInvis .   a - +0 hand axe (chaos)
rCold    x . .     Faith    .   (no shield)
rNeg     . . .     Spirit   .   b - +2 leather armour
rPois    ∞         Reflect  .   (no helmet)
rElec    .         Harm     .   (no cloak)
rCorr    .         Rampage  .   (no gloves)
Will     .....                  (boots unavailable)
Stlth    +.........             (no amulet)
HPRegen  0.13/turn              (no ring)
MPRegen  0.00/turn              (no ring)

@: confused, mighty, flying
A: sickness immunity, fire resistance 2, cold vulnerability 1, float, innate
caster, hp casting, extra vitality 1
a: Renounce Religion


You were on level 3 of the Dungeon.
You worshipped Ashenzari.
Ashenzari was noncommittal.
You visited 1 branch of the dungeon, and saw 3 of its levels.

You collected 82 gold pieces.

Inventory:

Hand Weapons
 a - a +0 hand axe of chaos (weapon)
 i - a +0 hand axe
Missiles
 c - 97 stones (quivered)
 h - 2 throwing nets
Armour
 b - a +2 leather armour (worn)
 l - a +0 kite shield
Magical Staves
 g - a staff of cold
Jewellery
 e - an amulet of guardian spirit
Scrolls
 d - 2 scrolls of magic mapping
 n - a scroll of noise
 p - a scroll of summoning
Potions
 j - a potion of magic


   Skills:
 - Level 3.0 Fighting
 + Level 3.5 Axes
 * Level 2.4 Armour
 - Level 2.1 Dodging
 * Level 2.3 Spellcasting


You had 5 spell levels left.
You knew the following spells:

 Your Spells              Type           Power      Damage    Failure   Level
a - Foxfire               Conj/Fire      32%        2x1d5     11%         1
h - Ensorcelled Hibernat  Hex/Ice        16%        N/A       17%         2
Your spell library was empty.

Dungeon Overview and Level Annotations

Branches:
Dungeon (3/15)

Altars:
Ashenzari

Annotations:
D:3 Terence


Innate Abilities, Weirdness & Mutations

You are immune to sickness and miasma.
You are immune to poison.
Your flesh is very heat resistant. (rF++)
You are vulnerable to cold. (rC-)
You float through the air rather than walking.
You learn spells naturally, not from books.
Your magical power is your life essence.
You have superior vitality. (+4 HP)


Message History

Unknown command.
You bump into the rock wall.
The orc wizard mumbles some strange words.
The orc wizard flickers and vanishes!
You hear some strange, mumbled words.
Unknown command.
Unknown command.
Unknown command.
You bump into the rock wall.
Something barely misses you.
You bump into the rock wall.
You hear some strange, mumbled words.
You are more confused.
Something hits you but does no damage.
You miss something. x2; You closely miss the orc.
The orc hits you with a +0 dagger. Something hits you. x2
You hit the orc but do no damage. You barely miss something.
You miss something. The orc hits you with a +0 dagger. Something hits you.
You hear some strange, mumbled words.
A magic dart appears from out of thin air!
The magic dart hits you!
* * * LOW HITPOINT WARNING * * *
Unknown command.
You are too confused!
You feel very mighty all of a sudden. The orc hits you but does no damage.
Something hits you.
* * * LOW HITPOINT WARNING * * *
Something hits you.
* * * LOW HITPOINT WARNING * * *
Unknown command.
You barely miss the orc. The orc closely misses you.
You hear some strange, mumbled words.
A puff of flame appears from out of thin air!
The puff of flame hits you. You resist.
* * * LOW HITPOINT WARNING * * *
The orc hits you with a +0 dagger.
* * * LOW HITPOINT WARNING * * *
You hit the orc but do no damage.
The orc is poisoned.
A magic dart appears from out of thin air!
The magic dart hits you.
You die...

..# #....# #....#. ..# #.##.#
#.#..+. ..# #.##.#### #.####. ###
#.##....###.#.... # ##########
#.#####.#...#.###
######........###{##....#.#...###
.......#...##....{....)..........
#########.#.#####.##.##..##...###
# ##.##.#.##.@o...##.........# #
##.#.##.#.#########.......#.# #
##.#.#.##.#.## #..(#.....# #
##.#.#.#.##.#.## #...###.###
##.#.###.#.##)#.## ###...###.#
##.#.##.##.#.##.#.###.........#
#.#.##.#.##†#.##.#.##....######
.#.##.#.#.##.#.##.#.####.#
#.##.#...#.##.#.##.#.###.#


You could see an orc (very poisoned).

Vanquished Creatures
  A howler monkey (D:3)
  An orc priest (D:3)
  A gnoll (D:1)
  3 adders
  2 worms (D:2)
  2 dart slugs (D:1)
  2 orcs
  4 endoplasms
  2 giant cockroaches (D:2)
  6 goblins
  6 hobgoblins
  4 jackals (D:1)
  2 quokkas
  4 ball pythons
  2 bats
  8 frilled lizards
  3 kobolds
  2 rats (D:1)
55 creatures vanquished.

Vanquished Creatures (others)
  143 foxfires
143 creatures vanquished.

Grand Total: 198 creatures vanquished

Notes
Turn   | Place    | Note
-------+----------+-------------------------------------------
     0 | D:1      | Banquo the Djinni Chaos Knight began the quest for the Orb.
     0 | D:1      | Reached XP level 1. HP: 20/20 MP: 0/0
    18 | D:1      | XOM: potion effect (might)
   182 | D:1      | Reached XP level 2. HP: 25/25 MP: 0/0
   259 | D:1      | Reached XP level 3. HP: 28/30 MP: 0/0
   259 | D:1      | Learned a level 1 spell: Foxfire
   332 | D:1      | XOM: 1-stop teleportation journey
   591 | D:1      | XOM: potion effect (curing)
   635 | D:1      | XOM: noise
   731 | D:1      | XOM: silly message
   806 | D:1      | Found a faded altar of an unknown god.
   837 | D:1      | XOM: noise
  1173 | D:1      | Reached XP level 4. HP: 26/35 MP: 0/0
  1249 | D:1      | XOM: noise
  1365 | D:2      | XOM: scenery: 1 doors open
  1393 | D:2      | XOM: silly message
  1625 | D:2      | Reached skill level 1 in Spellcasting
  2177 | D:2      | XOM: silly message
  2798 | D:3      | Reached XP level 5. HP: 30/40 MP: 0/0
  2798 | D:3      | Learned a level 2 spell: Ensorcelled Hibernation
  2969 | D:3      | Found a broken altar of Ashenzari.
  2985 | D:3      | Fell from the grace of Xom
  2985 | D:3      | Became a worshipper of Ashenzari the Shackled
  3092 | D:3      | Noticed Terence
  3984 | D:3      | XOM: torment (21/40 hp)
  4183 | D:3      | HP: 2/40 [orc (1)]
  4184 | D:3      | Killed from afar by an orc wizard

Illustrated notes

Levels and vault maps discovered:
D:1:      ncdulo_watergridlock, layout_loops_ring, ebering_ecumenical_altar_mist
D:2:      layout_loops_corners, kennysheep_generic_room_5
D:3:      minmay_inner_zag, layout_basic, nicolae_ashenzari_skybound,
          minmay_misc_feat_four_crosses, uniq_terence

Skill      XL: |  1  2  3  4  5 |
---------------+----------------+-----
Axes           | 3 |  3.5
Spellcasting   | 1 2 |  2.3
Armour         | 2 |  2.4
Fighting       | |  3.0
Dodging        | |  2.1

Action                   |  1- 3 |  4- 6 || total
-------------------------+-------+-------++-------
Melee: Hand axe          |    48 |    10 ||    58
 Cast: Foxfire           |    29 |    65 ||    94
  Use: Potion            |       |     1 ||     1
Armor: Leather armour    |    15 |    19 ||    34
Dodge: Dodged            |    20 |    33 ||    53
